 Dungeon Crawl Stone Soup version 0.29.0-11-gd7f09526c8 (webtiles) character file.

Game seed: 14121595283519803688

274 Sabo the Gusty (level 6, -5/46 HPs)
             Began as a Palentonga Air Elementalist on Sept 2, 2022.
             Was a High Priest of Ignis.
             Slain by nickcage's ghost (8 damage)
             ... on level 3 of the Dungeon.
             The game lasted 00:30:43 (5467 turns).

Sabo the Gusty (Palentonga Air Elementalist)        Turns: 5467, Time: 00:30:44

Health: -5/46      AC: 12    Str: 14    XL:     6   Next: 3%
Magic:  4/10       EV: 10    Int: 17    God:    Ignis [*****.]
Gold:   128        SH:  0    Dex: 10    Spells: 10/11 levels left

rFire   + . .      SeeInvis +   h - +2 mace (venom)
rCold   . . .      Faith    .   (no shield)
rNeg    . . .      Spirit   .   a - +0 robe
rPois   .          Reflect  .   c - +0 helmet
rElec   .          Harm     .   (no cloak)
rCorr   .          Rampage  .   (no gloves)
Will    .....                   (no barding)
Stlth   ++........              (no amulet)
HPRegen 0.15/turn               (no ring)
MPRegen 0.12/turn               (no ring)

@: fiery-armoured, very slightly contaminated
A: large, rugged brown scales 3, see invisible, deformed body, roll 1, armoured
tail
a: Rolling Charge, Renounce Religion, Fiery Armour, Foxfire Swarm, Rising Flame


You were on level 3 of the Dungeon.
You worshipped Ignis.
Ignis was extremely pleased with you.
You visited 1 branch of the dungeon, and saw 3 of its levels.
You also visited: Sewer.

You collected 128 gold pieces.

Inventory:

Hand Weapons
 e - a +0 hand axe
 h - a +2 mace of venom (weapon)
 l - a +0 quarterstaff
 o - a +0 sling
 t - a +1 vampiric rapier
Missiles
 n - 2 poisoned darts (quivered)
Armour
 a - a +0 robe (worn)
 c - a +0 helmet (worn)
Jewellery
 j - a ring of ice
Scrolls
 d - a scroll of amnesia
 i - a scroll of fog {unknown}
 k - a scroll of fear {unknown}
 p - a scroll of teleportation {unknown}
 s - a scroll of acquirement {unknown}
Potions
 b - 3 potions of magic
 f - a potion of ambrosia {unknown}
 g - 3 potions of heal wounds {unknown}
 m - 2 potions of curing {unknown}
 q - a potion of brilliance {unknown}
 r - a potion of invisibility {unknown}


   Skills:
 + Level 1.0 Fighting
 + Level 1.3 Short Blades
 + Level 0.2 Axes
 + Level 0.1(0.7) Maces & Flails
 + Level 1.1 Staves
 + Level 2.4 Dodging
 + Level 1.7 Stealth
 + Level 3.1 Spellcasting
 + Level 2.0 Conjurations
 + Level 3.4 Air Magic


You had 10 spell levels left.
You knew the following spells:

 Your Spells              Type           Power      Damage    Failure   Level
a - Shock                 Conj/Air       44%        1d5       5%          1

Your spell library contained the following spells:

 Spells                   Type           Power      Damage    Failure   Level
 Static Discharge         Conj/Air       11%        3-5/arc   9%          2
 Swiftness                Air            14%        N/A       13%         3
 Slow                     Hex            8%         N/A       17%         1
 Airstrike                Air            7%         2d(1-17)  38%         4
 Confusing Touch          Hex            2%         N/A       45%         3
 Vampiric Draining        Necr           2%         2d6       45%         3


Dungeon Overview and Level Annotations

Branches:
Dungeon (3/15)              Sewer (visited)

Altars:
Ignis

Annotations:
D:3 nickcage's ghost, amateur MiAK


Innate Abilities, Weirdness & Mutations

You are completely covered in rugged brown scales. (AC +3, +7% HP)
You have supernaturally acute eyesight. (SInv)
Armour fits poorly on your strangely shaped body.
You can roll at nearby foes to attack.
You have a long armoured tail.


Message History

Aim: nickcage's ghost (lightly damaged, 72% to hit)
That beam is likely to hit you.
Continue anyway? [Y]es or [N]o only, please.
That beam is likely to hit you.
Continue anyway?
Okay, then.
The kobold brigand hits you but does no damage.
You feel drained.
The kobold brigand is burned by your cloak of flames.
You kill the kobold brigand!
Your life force feels restored.
Your Fighting skill increases to level 1!
Your Spellcasting skill increases to level 3!
Your Conjurations skill increases to level 2!
You have reached level 6!
You closely miss nickcage's ghost. You tail-slap nickcage's ghost.
Nickcage's ghost is lightly damaged.
Nickcage's ghost hits you.
Nickcage's ghost is burned by your cloak of flames.
Nickcage's ghost is moderately damaged.
You hit nickcage's ghost.
Nickcage's ghost is moderately damaged.
Nickcage's ghost closely misses you.
You hit nickcage's ghost.
Nickcage's ghost is moderately damaged.
Nickcage's ghost hits you. Nickcage's ghost hits you!
* * * LOW HITPOINT WARNING * * *
You hit nickcage's ghost. You punch nickcage's ghost.
Nickcage's ghost is heavily damaged.
Nickcage's ghost hits you!
* * * LOW HITPOINT WARNING * * *
Nickcage's ghost is burned by your cloak of flames.
Nickcage's ghost is heavily damaged.
You hit nickcage's ghost.
Your tail-slap misses nickcage's ghost.
Nickcage's ghost is severely damaged.
Nickcage's ghost barely misses you. Nickcage's ghost hits you.
* * * LOW HITPOINT WARNING * * *
You hit nickcage's ghost.
Nickcage's ghost is severely damaged.
Nickcage's ghost hits you!
You die...

###..###.# #.#
.........# #.#
.##..##### ##.#
.......# #..#
.##....# #.##
.##....#########.#
.##..............#
...#...########..#
#......#
#####.@####
..#..).#
#....)W)..#
#...#..#
#.##'')##.#
##.##.##
###...).###
#.##.######.#...#.#
#.##......#⌠.#.#.⌠#
#....######.#...#.#
###..# ##.....##
#..# ##.[.#*


You could see nickcage's ghost.

Vanquished Creatures
  A kobold brigand (D:3)
  An orc wizard (D:3)
  A hell rat (Sewer)
  4 adders (D:2)
  4 river rats (Sewer)
  A dart slug (D:1)
  5 orcs (D:3)
  7 ball pythons
  7 bats
  5 endoplasms
  6 giant cockroaches
  5 goblins
  6 hobgoblins
  6 jackals
  4 quokkas (D:3)
  2 frilled lizards (D:2)
  6 kobolds
  7 rats
78 creatures vanquished.

Notes
Turn   | Place    | Note
-------+----------+-------------------------------------------
     0 | D:1      | Sabo the Palentonga Air Elementalist began the quest for
                  | the Orb.
     0 | D:1      | Reached XP level 1. HP: 13/13 MP: 3/3
   519 | D:1      | Reached XP level 2. HP: 20/20 MP: 0/5
   770 | D:1      | Reached skill level 1 in Conjurations
  1354 | D:1      | Upgraded the game from 0.29.0-10-g45618ea6d2 to
                  | 0.29.0-11-gd7f09526c8
  1583 | D:1      | Reached XP level 3. HP: 25/25 MP: 6/6
  2354 | D:2      | Reached skill level 1 in Short Blades
  2932 | D:2      | Reached XP level 4. HP: 31/32 MP: 3/7
  3411 | D:2      | Found a faded altar of an unknown god.
  3425 | D:2      | Prayed at the altar of an unknown god.
  3425 | D:2      | Became a worshipper of Ignis, the Dying Flame
  4085 | D:3      | Found a glowing drain.
  4129 | Sewer    | Entered a sewer
  4234 | Sewer    | Reached XP level 5. HP: 38/38 MP: 6/9
  4356 | Sewer    | Reached skill level 1 in Staves
  5092 | D:3      | Found a runed translucent gate.
  5092 | D:3      | Found a runed translucent gate.
  5092 | D:3      | Found a runed translucent gate.
  5096 | D:3      | Noticed nickcage's ghost (amateur MiAK)
  5462 | D:3      | Reached skill level 1 in Fighting
  5462 | D:3      | Reached XP level 6. HP: 35/46 MP: 3/10
  5467 | D:3      | Slain by nickcage's ghost

Illustrated notes

Levels and vault maps discovered:
D:1:      erik_arrival_triangle_huge, layout_loops_ring, minmay_misc_feat_room
D:2:      layout_basic, ebering_ecumenical_altar_mist
D:3:      layout_loops_ring, gammafunk_ghost_nasty_kobolds, portal_sewer_entry_f

Skill      XL: |  1  2  3  4  5 |
---------------+----------------+-----
Conjurations   | 1 2 |  2.0
Air Magic      | 3 |  3.4
Short Blades   | 1 |  1.3
Dodging        | 2 |  2.4
Staves         | 1 |  1.1
Fighting       | 1 |  1.0
Spellcasting   | 3 |  3.1
Axes           | |  0.2
Maces & Flails | |  0.1
Stealth        | |  1.7

Action                   |  1- 3 |  4- 6 || total
-------------------------+-------+-------++-------
Melee: Unarmed           |    13 |       ||    13
       Tailslap          |     8 |     6 ||    14
       Hand axe          |    37 |       ||    37
       Dagger            |    16 |    73 ||    89
       Quarterstaff      |    32 |     3 ||    35
       Punch             |     1 |     1 ||     2
       Mace              |       |    14 ||    14
 Cast: Shock             |    34 |    48 ||    82
Invok: Fiery Armour      |       |     1 ||     1
 Abil: Rolling Charge    |       |     1 ||     1
  Use: Scroll            |     2 |     5 ||     7
Armor: Robe              |    50 |    39 ||    89
Dodge: Dodged            |    66 |    46 ||   112
